 Dungeon Sprint DCSS version 0.21.0-26-g889b8f6 (webtiles) character file.

98 wojtek the Chopper (level 4, -6/44 HPs)
             Began as a Minotaur Berserker on Jan 27, 2018.
             Was a Priest of Trog.
             Killed from afar by a wizard (9 damage)
             ... with an orb of energy
             ... in the Dungeon (Sprint III: "The Ten Rune Challenge").
             The game lasted 00:00:43 (182 turns).

wojtek the Chopper (Minotaur Berserker)              Turns: 182, Time: 00:00:44

Health: -6/44      AC: -17   Str: 22    XL:     4   Next: 44%
Magic:  3/3        EV: 13    Int:  4    God:    Trog [***...]
Gold:   32         SH:  0    Dex: 10    Spells: 3/3 levels left

rFire    . . .     SeeInvis .   a - +0 hand axe
rCold    . . .     Gourm    .   (no shield)
rNeg     . . .     Faith    .   b - +0 animal skin
rPois    .         Spirit   .   (helmet restricted)
rElec    .         Reflect  .   (no cloak)
rCorr    .         Harm     .   (no gloves)
MR       .....     NoTele   +   (no boots)
Stlth    +.........             (no amulet)
HPRegen  0.14/turn              (no ring)
MPRegen  0.08/turn              (no ring)

@: corroded, berserk cooldown, slowed, very slow
A: retaliatory headbutt, horns 2
a: Berserk, Trog's Hand, Burn Spellbooks, Renounce Religion


You were in the Dungeon.
You worshipped Trog.
Trog was most pleased with you.
You were hungry.

You visited 1 branch You collected 32 gold pieces.

Inventory:

Hand Weapons
 a - a +0 hand axe (weapon)
Armour
 b - a +0 animal skin (worn)
Scrolls
 i - a scroll of blinking
 k - a scroll of torment {unknown}
 l - 3 scrolls of identify
 m - 3 scrolls of remove curse
 p - a scroll of immolation {unknown}
Potions
 d - a potion of curing
 e - a potion of heal wounds
 f - a potion of haste
 g - 2 potions of magic
 h - a potion of berserk rage
 j - 2 potions of mutation {unknown}
 n - a potion of lignification {unknown}
 o - 4 potions of flight
 q - a potion of ambrosia {unknown}
Comestibles
 c - 3 rations


   Skills:
 + Level 5.9 Fighting
 * Level 7.6 Axes
 + Level 5.3 Armour
 + Level 4.8 Dodging


You had 3 spell levels left.
You didn't know any spells.

Dungeon Overview and Level Annotations

Branches:
Dungeon (1/1)

Altars:
Kikubaaqudgha
Sif Muna
Vehumet


Innate Abilities, Weirdness & Mutations

You reflexively headbutt those who attack you in melee.
You have a pair of horns on your head.


Message History

The kobold demonologist hits you with a dagger.
* * * LOW HITPOINT WARNING * * *
There is an open door here.
You slash the kobold demonologist!
You kill the kobold demonologist!
Trog accepts your kill.
Trog appreciates your killing of a magic user.
The chaos spawn degenerates into a cloud of primal chaos!
The iron imp disappears in a puff of smoke!
The shadow imp disappears in a puff of smoke!
The white imp disappears in a puff of smoke!
You are no longer berserk.
You are exhausted.
You feel yourself slow down.
Unknown command.
The wizard hits you with a dagger.
* * * LOW HITPOINT WARNING * * *
The wizard casts a spell at you. The orb of energy hits you!
You die...

▓▓▓▓▓ ▓▓▓ #...#### ##.#
#......#####..#
#.......#..#..#
##.##...#..#..###+#+###
##.###..##'#..#........
###.##..###...'.⌠......
#..##..####...#..p####
...##..###....#.@.#
..##...##.....#.§.#
.##....#......#'###
###..##.#.....#)§.# #
#..#####....#_§_# ▓
▓▓▓▓ ▓▓▓▓▓▓▓▓▓▓


You could see a wizard.

Vanquished Creatures
  A water elemental (D)
  A human (D)
  A kobold demonologist (D)
  A phantom (D)
  4 rats (D)
8 creatures vanquished.

Vanquished Creatures (others)
  2 draconian scorchers (D)
  5 hellions (D)
  A yaktaur (D)
8 creatures vanquished.

Grand Total: 16 creatures vanquished

Notes
Turn   | Place    | Note
-------+----------+-------------------------------------------
     0 | D        | wojtek the Minotaur Berserker began the quest for the Orb.
     0 | D        | Reached XP level 1. HP: 19/19 MP: 0/0
    10 | D        | Reached skill level 4 in Axes
    25 | D        | Reached ** piety under Trog
    54 | D        | Reached skill level 5 in Axes
    54 | D        | Reached XP level 2. HP: 24/28 MP: 1/1
    63 | D        | Killed a yaktaur
    98 | D        | Killed a hellion
    98 | D        | Killed a hellion
    99 | D        | Killed a hellion
    99 | D        | Killed a hellion
    99 | D        | Killed a hellion
   106 | D        | Noticed a water elemental
   110 | D        | Killed a water elemental
   110 | D        | Reached *** piety under Trog
   110 | D        | Reached skill level 5 in Fighting
   110 | D        | Reached skill level 7 in Axes
   110 | D        | Reached skill level 5 in Armour
   110 | D        | Reached XP level 3. HP: 37/37 MP: 2/2
   110 | D        | Reached XP level 4. HP: 44/44 MP: 3/3
   140 | D        | Killed a white draconian scorcher
   160 | D        | Found a radiant altar of Vehumet.
   160 | D        | Found a deep blue altar of Sif Muna.
   160 | D        | Found an ancient bone altar of Kikubaaqudgha.
   160 | D        | Noticed a wizard
   165 | D        | Noticed a chaos spawn
   167 | D        | Noticed a rust devil
   180 | D        | Killed a white draconian scorcher
   182 | D        | Killed from afar by a wizard

Skill      XL: |  1  2 |
---------------+-------+-----
Axes           | 5 7 |  7.6
Fighting       | 4 5 |  5.9
Armour         | 3 5 |  5.3
Dodging        | 3 4 |  4.8

Action                   |  1- 3 |  4- 6 || total
-------------------------+-------+-------++-------
Melee: Hand axe          |    19 |    18 ||    37
       Headbutt          |     2 |     4 ||     6
Invok: Berserk           |     2 |     1 ||     3
Armor: Animal skin       |     2 |       ||     2
Dodge: Dodged            |     6 |     6 ||    12
